 Dungeon Crawl Stone Soup version 0.28.0 (webtiles) character file.

Game seed: 13918931725292298119

124 fragbeetle the Chopper (level 4, 0/39 HPs)
             Began as a Minotaur Monk on Feb 18, 2022.
             Slain by Grinder (2 damage)
             ... while paralysed by Grinder
             ... on level 3 of the Dungeon.
             The game lasted 00:04:12 (3114 turns).

fragbeetle the Chopper (Minotaur Monk)              Turns: 3114, Time: 00:04:12

Health: 0/39       AC:  3    Str: 17    XL:     4   Next: 81%
Magic:  3/3        EV:  2    Int:  7    God:
Gold:   183        SH:  0    Dex: 13    Spells: 3/3 levels left

rFire   . . .      SeeInvis .   t - +2 morningstar (protect)
rCold   . . .      Faith    .   (no shield)
rNeg    . . .      Spirit   .   b - +0 robe
rPois   .          Reflect  +   (helmet restricted)
rElec   .          Harm     .   k - +0 cloak
rCorr   .          Rampage  .   (no gloves)
Will    .....                   (no boots)
Stlth   ++........              i - amulet of reflection
HPRegen 0.13/turn               (no ring)
MPRegen 0.08/turn               (no ring)

@: paralysed
A: horns 2, retaliatory headbutt
a: no special abilities


You were on level 3 of the Dungeon.
You visited 1 branch of the dungeon, and saw 3 of its levels.

You collected 183 gold pieces.

Inventory:

Hand Weapons
 a - a +0 hand axe
 t - a +2 morningstar of protection (weapon)
Missiles
 j - 37 sling bullets
 q - 54 arrows
Armour
 b - a +0 robe (worn)
 k - a +0 cloak (worn)
Jewellery
 i - an amulet of reflection (around neck)
 p - the ring "Ruso" {rN+ Str+2 Slay-4 Stlth+}
   (You found it on level 2 of the Dungeon)

   [ring of positive energy]

   Str:       It affects your strength (+2).
   Slay:      It affects your accuracy & damage with ranged weapons and melee
   (-4).
   rN:        It protects you from negative energy.
   Stlth:     It makes you more stealthy.
Scrolls
 d - 2 scrolls of enchant weapon {unknown}
 e - a scroll of summoning {unknown}
 f - 3 scrolls of identify {unknown}
 g - 4 scrolls of teleportation {unknown}
 h - a scroll of amnesia {unknown}
 o - a scroll of silence {unknown}
 s - a scroll of immolation {unknown}
 u - a scroll of enchant armour {unknown}
Potions
 c - 2 potions of lignification {unknown}
 l - a potion of magic {unknown}
 m - 2 potions of brilliance {unknown}
 n - a potion of mutation {unknown}
 r - a potion of curing {unknown}
 v - a potion of invisibility {unknown}


   Skills:
 - Level 3.6 Fighting
 - Level 6.3(6.5) Axes
 + Level 2.1(4.5) Maces & Flails
 - Level 3.2 Dodging
 - Level 1.5 Stealth


You had 3 spell levels left.
You didn't know any spells.
Your spell library was empty.

Dungeon Overview and Level Annotations

Branches:
Dungeon (3/15)

Altars:
Uskayaw

Annotations:
D:3 Grinder


Innate Abilities, Weirdness & Mutations

You have a pair of horns on your head.
You reflexively headbutt those who attack you in melee.


Message History

Unknown command.
You see here a +0 short sword.
You start putting on your amulet.
You continue putting on your amulet of reflection. x5
You finish putting on your amulet of reflection.
You feel a shielding aura gather around you.
i - an amulet of reflection (around neck)
Okay, then.
f - 3 scrolls labelled TOSCHU XUTIAWN (gained 1)
Found a scroll labelled DIUPLAZ PERI.
Found an escape hatch in the ceiling.
d - 2 scrolls labelled DIUPLAZ PERI (gained 1) Grinder shouts!
You aren't carrying any items that you can evoke.
Unknown command.
Grinder gestures at you.
You suddenly lose the ability to move!
Grinder gestures at you.
You shrug off the repeated paralysis!
You can move again.
Unknown command.
A goblin comes into view. It is wielding a +0 dagger.
Grinder hits you.
You barely miss Grinder. Your headbutt misses Grinder.
Grinder blinks!
You hit the goblin.
Your weapon exudes an aura of protection.
You kill the goblin!
Grinder says, "Make like a tree!"
Grinder gestures at you. Pain shoots through your body!
Unknown command.
You block Grinder's attack.
You closely miss Grinder. Your headbutt misses Grinder. Grinder hits you!
You writhe in agony.
Grinder gestures at you.
You suddenly lose the ability to move!
Grinder hits you!
* * * LOW HITPOINT WARNING * * *
You writhe in agony.
You die...

..<.....# #.......# ..5.....#
#.......# ........# #.......#
........# ####.....#
........##############........##
...............................##
........###...<.......##........#
#.####.## #....).....###........#
#.# .####.....@....# ##.....#.#
..####.#........5....# ##...##)#
.........##..........# ######.#
#.........############ #.#
#......##... #.# #.........#
.#######.. #.....#.#..###
###.........# #.##.##. ..#
###........###.. ..##.##.##
#.#####.).# ##...# #..


You could see Grinder.

Vanquished Creatures
  4 adders
  3 worms
  2 dart slugs (D:1)
  4 orcs (D:3)
  6 endoplasms
  5 giant cockroaches
  10 goblins
  5 hobgoblins
  4 jackals (D:2)
  3 kobolds (D:1)
  3 quokkas
  7 ball pythons
  5 bats
  2 frilled lizards
  7 rats
70 creatures vanquished.

Notes
Turn   | Place    | Note
-------+----------+-------------------------------------------
     0 | D:1      | fragbeetle the Minotaur Monk began the quest for the Orb.
     0 | D:1      | Reached XP level 1. HP: 19/19 MP: 0/0
   105 | D:1      | Reached skill level 4 in Axes
   227 | D:1      | Reached XP level 2. HP: 14/26 MP: 1/1
   777 | D:1      | Reached skill level 5 in Axes
   830 | D:1      | Reached XP level 3. HP: 27/31 MP: 2/2
  1689 | D:2      | Found a hide-covered altar of Uskayaw.
  1716 | D:2      | Reached XP level 4. HP: 39/39 MP: 3/3
  1769 | D:2      | Reached skill level 6 in Axes
  1821 | D:2      | Identified the ring "Ruso" {rN+ Str+2 Slay-4 Stlth+}
  2858 | D:3      | Reached skill level 1 in Maces & Flails
  2871 | D:3      | Noticed Grinder
  3103 | D:3      | Paralysed by Grinder for 4 turns
  3113 | D:3      | Paralysed by Grinder for 6 turns
  3114 | D:3      | Slain by Grinder

Illustrated notes

Levels and vault maps discovered:
D:1:      matt_arrival_grand_opening, layout_rooms, serial_curves,
          eino_curves_03, eino_curves_04, eino_curves_04, eino_curves_01
D:2:      layout_loops_corners, basic_altar, minmay_bisected
D:3:      layout_rooms, nrook_mini_backslash, uniq_jessica, uniq_grinder

Skill      XL: |  1  2  3  4 |
---------------+-------------+-----
Axes           | 4 5 6 |  6.3
Maces & Flails | 2 |  2.1
Fighting       | |  3.6
Dodging        | |  3.2
Stealth        | |  1.5

Action                   |  1- 3 |  4- 6 || total
-------------------------+-------+-------++-------
Melee: Hand axe          |    80 |    38 ||   118
       Headbutt          |    16 |    12 ||    28
       Punch             |     1 |     2 ||     3
       Morningstar       |       |    23 ||    23
 Stab: Sleeping          |     6 |     2 ||     8
Armor: Robe              |    15 |     7 ||    22
Dodge: Dodged            |    38 |    34 ||    72
Block: Other             |       |     1 ||     1
